 Dungeon Crawl Stone Soup version 0.30-a0-956-gcec3b41aec (webtiles) character file.

Game seed: 6661077288407891130

140501 mopl the Stormcaller (level 16, 0/134 HPs)
             Began as a Pale Draconian Venom Mage on Mar 28, 2023.
             Was a High Priest of Vehumet.
             Slain by a water elemental (9 damage)
             ... led by a merfolk aquamancer
             ... on level 3 of the Shoals on Mar 29, 2023.
             The game lasted 01:37:22 (33590 turns).

mopl the Stormcaller (Pale Draconian Venom Mage)   Turns: 33590, Time: 01:37:23

Health: 0/134      AC: 12    Str: 12    XL:     16   Next: 76%
Magic:  13/32      EV: 12    Int: 22    God:    Vehumet [*****.]
Gold:   1629       SH:  0    Dex: 14    Spells: 3/39 levels left

rFire   . . .      SeeInvis .    b - staff of air
rCold   + . .      Faith    .    (no shield)
rNeg    + . .      Spirit   .    (body armour unavailable)
rPois   +          Reflect  .    (helmet restricted)
rElec   +          Rampage  .    o - +0 cloak
rCorr   .                        I - +1 pair of gloves "Isext" {Fly rPois Dex+2}
Will    +....                    (no boots)
Stlth   ++                       V - amulet of regeneration
HPRegen 1.22/turn                d - ring of positive energy
MPRegen 0.23/turn                z - ring of protection from cold

@: short of breath, flying
A: breathe steam, AC +9, unfitting armour, cold-blooded, steam resistance
a: Breathe Steam, Renounce Religion


You were on level 3 of the Shoals.
You worshipped Vehumet.
Vehumet was extremely pleased with you.
You visited 5 branches of the dungeon, and saw 26 of its levels.

You collected 2265 gold pieces.
You spent 636 gold pieces at shops.

Inventory:

Hand Weapons
 a - the +8 dagger of the Moon {spect, +Blink rElec rF+ rC+ Will+}
   (You found it on level 5 of the Lair of Beasts)

   rF:        It protects you from fire.
   rC:        It protects you from cold.
   rElec:     It insulates you from electricity.
   +Blink:    It lets you blink.
   Will:      It increases your willpower.
 W - a +1 scimitar of flaming
Missiles
 g - 10 curare-tipped darts
 l - a boomerang
 D - 51 poisoned darts
 J - 4 boomerangs of dispersal
 M - 2 throwing nets
Armour
 o - a +0 cloak (worn)
 I - the +1 pair of gloves "Isext" (worn) {Fly rPois Dex+2}
   (You found it on level 7 of the Dungeon)

   Dex:       It affects your dexterity (+2).
   rPois:     It protects you from poison.
   Fly:       It grants you flight.
 R - a +0 kite shield
Magical Staves
 b - a staff of air (weapon)
 B - a staff of fire
Jewellery
 d - a ring of positive energy (left hand)
 z - a ring of protection from cold (right hand)
 F - a ring of resist corrosion
 V - an amulet of regeneration (around neck)
Wands
 q - a wand of light (6)
 s - a wand of polymorph (2)
 G - a wand of flame (14)
 L - a wand of paralysis (16)
 N - a wand of digging (14)
 X - a wand of iceblast (14)
Scrolls
 h - 4 scrolls of immolation
 j - 3 scrolls of silence {!r}
 k - a scroll of summoning
 m - 3 scrolls of magic mapping
 n - 6 scrolls of blinking
 r - 2 scrolls of torment {!r}
 w - a scroll of amnesia
 y - 2 scrolls of poison
 A - a scroll of enchant armour
 H - 6 scrolls of fear
 K - 4 scrolls of fog
 P - 4 scrolls of vulnerability
 Q - 11 scrolls of identify
 S - 12 scrolls of teleportation
Potions
 e - 6 potions of brilliance
 f - 14 potions of curing
 i - 4 potions of cancellation
 p - 10 potions of lignification {!q}
 t - 7 potions of heal wounds
 u - 5 potions of might
 v - 5 potions of flight
 x - 4 potions of haste
 C - 2 potions of invisibility
 O - 4 potions of ambrosia
 T - 5 potions of magic
Miscellaneous
 c - a lightning rod (4/4)


   Skills:
 - Level 10.0 Fighting
 - Level 1.7 Dodging
 - Level 1.7 Stealth
 + Level 9.7 Shields
 + Level 12.3 Spellcasting
 + Level 13.0 Conjurations
 - Level 5.0 Translocations
 - Level 6.0 Transmutations
 + Level 2.8 Fire Magic
 * Level 16.6 Air Magic
 - Level 10.0 Poison Magic
 - Level 10.0 Evocations


You had 3 spell levels left.
You knew the following spells:

 Your Spells              Type           Power      Damage    Failure   Level
a - Plasma Beam           Fire/Air       35%        2x1d35    1%          5
c - Mephitic Cloud        Conj/Pois/Air  82%        N/A       1%          3
d - Arcjolt               Conj/Air       43%        1d53      1%          5
e - Blink                 Tloc           70%        N/A       1%          2
f - Airstrike             Air            46%        2d(7-23)  1%          4
i - Irradiate             Conj/Tmut      26%        3d20      1%          5
m - Maxwell's Capacitive  Air            46%        ∞         10%         8
o - Olgreb's Toxic Radia  Pois           55%        N/A       1%          4

Your spell library contained the following spells:

 Spells                   Type           Power      Damage    Failure   Level
 Freezing Cloud           Conj/Ice/Air   35%        6-21      1%          5
 Magic Dart               Conj           100%       1d8       0%          1
 Static Discharge         Conj/Air       100%       2-7/arc   0%          2
 Beastly Appendage        Tmut           78%        N/A       1%          1
 Sting                    Tmut/Pois      100%       1d8       1%          1
 Lesser Beckoning         Tloc           70%        N/A       1%          2
 Momentum Strike          Conj/Tloc      100%       3d10      1%          2
 Poisonous Vapours        Pois/Air       100%       N/A       1%          2
 Wereblood                Tmut           39%        N/A       1%          2
 Dazzling Flash           Conj/Hex       84%        N/A       1%          3
 Gell's Gravitas          Tloc           35%        N/A       1%          3
 Ignite Poison            Fire/Tmut/Pois 41%        N/A       1%          3
 Kindle Blastsparks       Fire/Tloc/Air  100%       2d18      1%          3
 Spider Form              Tmut/Pois      48%        N/A       1%          3
 Teleport Other           Tloc           35%        N/A       1%          3
 Vhi's Electric Charge    Tloc/Air       100%       N/A       1%          3
 Frozen Ramparts          Ice            26%        1d4       4%          3
 Portal Projectile        Hex/Tloc       48%        N/A       5%          3
 Call Imp                 Summ           13%        N/A       8%          2
 Ensorcelled Hibernation  Hex/Ice        26%        N/A       8%          2
 Call Canine Familiar     Summ           13%        N/A       14%         3
 Ozocubu's Armour         Ice            13%        N/A       14%         3
 Fulminant Prism          Conj/Hex       21%        3d12      1%          4
 Iskenderun's Mystic Bla  Conj/Tloc      52%        2d11      1%          4
 Conjure Ball Lightning   Conj/Air       43%        3x3d15    1%          6
 Manifold Assault         Tloc           35%        N/A       6%          4
 Starburst                Conj/Fire      24%        6d8       8%          6
 Ice Form                 Ice/Tmut       26%        N/A       14%         4
 Petrify                  Tmut/Erth      26%        N/A       14%         4
 Lee's Rapid Deconstruct  Erth           6%         3d6*      32%         5
 Anguish                  Hex/Necr       6%         N/A       43%         4
 Leda's Liquefaction      Hex/Erth       6%         N/A       43%         4
 Summon Ice Beast         Ice/Summ       13%        N/A       43%         4
 Dispersal                Tloc           17%        N/A       67%         6
 Metabolic Englaciation   Hex/Ice        6%         N/A       80%         5
 Summon Mana Viper        Hex/Summ       13%        N/A       80%         5
 Statue Form              Tmut/Erth      17%        N/A       91%         6
 Simulacrum               Ice/Necr       6%         N/A       100%        6
 Monstrous Menagerie      Summ           6%         N/A       100%        7
 Discord                  Hex            6%         N/A       100%        8
 Disjunction              Tloc           17%        N/A       100%        8


Dungeon Overview and Level Annotations

Branches:
Dungeon (15/15)            Temple (1/1) D:6            Lair (5/5) D:8
 Shoals (3/4) Lair:2        Snake (0/4) Lair:3        Slime (0/5) Lair:5
    Orc (2/2) D:11            Elf (0/3) Orc:2        Vaults (0/5) D:14
 Depths (0/4) D:15

Altars:
Ashenzari
Cheibriados
Dithmenos
Elyvilon
Fedhas
Gozag
Hepliaklqana
Kikubaaqudgha
Makhleb
Nemelex Xobeh
Okawaru
Qazlal
Ru
Trog
Uskayaw
Vehumet
Xom
Yredelemnul
Zin
The Shining One
Jiyva

Shops:
D:4 !   D:11 ([?(   Orc:2 ?==[(*

Annotations:
D:7 Joseph
D:8 exclusion: upstairs


Innate Abilities, Weirdness & Mutations

You can breathe blasts of scalding, opaque steam.
Your pale cyan-grey scales are hard. (AC +9)
You cannot fit into any form of body armour.
You are cold-blooded and may be slowed by cold attacks.
You are immune to the effects of steam.


Message History

You kill the snapping turtle!
Vehumet accepts your kill. The wind drake flaps its wings at you.
The air twists around and strikes you!
The sea snake bites you but does no damage.
Unknown command.
Unknown command.
Unknown command.
Casting: Olgreb's Toxic Radiance (safe; 1% risk of failure)
Confirm with . or Enter, or press ? or * to list all spells.
You feel a surge of power!
Electricity surges outward!
The sea snake is almost dead.
The merfolk is almost dead.
The water elemental resists.
The water elemental is lightly damaged.
The sea snake looks as sick as possible!
The wind drake looks even sicker.
The merfolk looks as sick as possible!
Your toxic aura wanes.
The sea snake bites you!
The merfolk hits you from afar with a +0 trident.
* * * LOW HITPOINT WARNING * * *
The wind drake flaps its wings at you. The air twists around and strikes you!
* * * LOW HITPOINT WARNING * * *
Unknown command.
Unknown command.
Unknown command.
Casting: Arcjolt (safe; 1% risk of failure)
Confirm with . or Enter, or press ? or * to list all spells.
You feel a surge of power!
Electricity surges outward!
The wind drake is almost dead.
You kill the merfolk!
Vehumet accepts your kill.
You feel your power returning.
The water elemental completely resists.
The sea snake bites you.
* * * LOW HITPOINT WARNING * * *
The wind drake flaps its wings at you. The air twists around and strikes you!
* * * LOW HITPOINT WARNING * * *
The water elemental hits you!
You die...

PPP~~~~~~.........
~P~~~≈≈≈~P~........
~~~≈≈≈≈≈~~.........
≈≈≈≈≈≈≈~~.<.k...###
≈≈≈≈≈≈≈~~~~.)...#
≈≈≈≈≈≈≈~~~†)...##
≈≈≈≈≈≈≈k≈~~...##
≈≈≈≈≈≈≈≈S~.~...#
≈≈≈≈≈≈≈@E).~.....
≈≈≈≈≈≈≈≈~~.....<..
≈≈≈≈≈≈≈≈≈~.~P~~~~~
≈≈≈≈≈≈≈≈≈PPP~..~
≈≈≈≈≈≈≈≈≈≈≈≈~..~
≈≈≈≈≈≈≈≈≈≈≈≈~~~~
≈≈≈≈≈≈≈≈≈≈≈≈≈≈≈≈
≈≈≈≈≈≈≈≈≈≈≈≈≈≈≈


You could see a sea snake (extremely poisoned), 2 wind drakes and a water
elemental.

Vanquished Creatures
  Saint Roka (Orc:2)
  A kraken (Shoals:2)
  Kirke (Shoals:2)
  Roxanne (Shoals:1)
  An orc warlord (Orc:2)
  Josephine (D:10)
  2 merfolk impalers (Shoals:1)
  Erolcha (Orc:2)
  Harold (D:9)
  12 hydras
  4 vault guards (D:14)
  3 ogre magi
  Erica (D:8)
  A catoblepas (Lair:5)
  A merfolk avatar (Shoals:2)
  7 centaur warriors
  3 merfolk aquamancers
  An alligator snapping turtle (Shoals:1)
  8 two-headed ogres
  An alligator (Lair:3)
  6 boulder beetles
  A tengu warrior (D:15)
  An orc high priest (Orc:1)
  16 death yaks
  Sonja (D:11)
  Amaemon (D:8)
  3 skysharks
  3 goliath frogs
  4 sea snakes
  2 wizards
  A deep elf archer (D:14)
  A wolf spider zombie (D:15)
  A necromancer (D:15)
  4 orc knights
  3 deep elf pyromancers
  A swamp dragon (Lair:3)
  6 fauns
  8 harpies
  13 ugly things
  11 orc sorcerers
  8 cyclopes
  19 elephants
  A merfolk siren (Shoals:2)
  7 manticores
  Maurice (D:9)
  A water nymph (Shoals:1)
  4 black mambas (Lair:5)
  An orange demon (D:8)
  2 centaur zombies (D:15)
  24 cane toads
  2 centaur skeletons (D:15)
  A gargoyle (D:12)
  A rime drake (shapeshifter) (D:13)
  19 komodo dragons
  A tengu conjurer (D:15)
  3 efreet
  A kobold demonologist (D:11)
  A yaktaur (D:14)
  Psyche (D:11)
  An unseen horror (D:11)
  9 trolls
  2 polar bears
  7 merfolk
  2 wind drakes (Shoals:1)
  4 hornets
  2 tyrant leeches
  24 blink frogs
  2 snapping turtles
  A shadow (D:11)
  2 spriggans (shapeshifter)
  5 wraiths
  2 vampires
  9 water elementals
  5 wyverns
  A hog (Shoals:2)
  4 basilisks
  33 yaks
  A human (D:14)
  3 steam dragons (D:8)
  13 vampire mosquitoes
  Grum (D:10)
  6 swamp worms (Lair:3)
  8 wargs
  An acid dragon (D:14)
  3 nagas (Lair:3)
  12 water moccasins
  27 orc warriors
  2 swamp drakes
  2 sky beasts
  2 ice beasts
  A black bear (D:5)
  7 ogres
  21 wolves
  7 centaurs
  A phantom (D:7)
  7 kobold brigands
  2 gnoll sergeants
  23 bullfrogs
  5 scorpions (D:6)
  6 wights
  10 killer bees
  5 electric eels
  4 howler monkeys
  A hound (D:5)
  9 orc priests
  A gnoll bouda (D:10)
  A jelly (D:5)
  14 iguanas
  Terence (D:2)
  5 hell rats (Lair:3)
  22 orc wizards
  3 sleepcaps
  12 gnolls
  6 adders
  A shadow imp (D:8)
  2 white imps
  4 ufetubi
  A worm (D:4)
  2 dart slugs
  57 orcs
  7 endoplasms
  2 giant cockroaches
  5 goblins
  8 hobgoblins
  3 jackals (D:2)
  19 kobolds
  4 quokkas
  8 ball pythons
  5 bats
  23 frilled lizards
  6 rats
  4 tentacles (Shoals:2)
768 creatures vanquished.

Vanquished Creatures (others)
  A bush (Lair:5)
  53 fungi
  185 plants
  12 tentacles (Shoals:2)
  2 withered plants (D:1)
253 creatures vanquished.

Grand Total: 1021 creatures vanquished

Notes
Turn   | Place    | Note
-------+----------+-------------------------------------------
     0 | D:1      | mopl the Draconian Venom Mage began the quest for the Orb.
     0 | D:1      | Reached XP level 1. HP: 14/14 MP: 3/3
    97 | D:1      | Found a faded altar of an unknown god.
   257 | D:1      | Reached XP level 2. HP: 20/20 MP: 5/5
  1019 | D:2      | Reached XP level 3. HP: 22/26 MP: 1/7
  1029 | D:2      | Noticed Terence
  1136 | D:2      | Learned a level 3 spell: Mephitic Cloud
  1213 | D:2      | Found the +18 Lear's hauberk
  1400 | D:2      | Killed Terence
  1401 | D:2      | Reached skill level 3 in Spellcasting
  1401 | D:2      | Reached skill level 1 in Conjurations
  1401 | D:2      | Reached skill level 4 in Poison Magic
  1401 | D:2      | Reached XP level 4. HP: 24/33 MP: 2/8
  1419 | D:2      | Learned a level 4 spell: Olgreb's Toxic Radiance
  1664 | D:3      | Found a glowing golden altar of the Shining One.
  2196 | D:3      | Found a transporter.
  2235 | D:3      | Found a transporter.
  2632 | D:4      | Reached XP level 5. HP: 38/38 MP: 6/10
  2672 | D:4      | Reached skill level 2 in Conjurations
  2829 | D:4      | Found Laniduug's Distillery.
  2839 | D:4      | Bought a potion of degeneration for 11 gold pieces
  2839 | D:4      | Bought a potion of curing for 33 gold pieces
  2839 | D:4      | Bought 2 potions of heal wounds for 110 gold pieces
  2839 | D:4      | Bought a potion of lignification for 33 gold pieces
  2839 | D:4      | Bought a potion of might for 44 gold pieces
  2839 | D:4      | Bought a potion of flight for 33 gold pieces
  3256 | D:5      | Entered Level 5 of the Dungeon
  3256 | D:5      | Noticed an ice beast
  3266 | D:5      | Killed an ice beast
  3267 | D:5      | Reached skill level 4 in Spellcasting
  3267 | D:5      | Reached skill level 5 in Poison Magic
  3267 | D:5      | Reached XP level 6. HP: 38/45 MP: 4/12
  3337 | D:5      | Reached skill level 3 in Conjurations
  3405 | D:5      | Your scales start taking on a pale cyan-grey colour.
  3405 | D:5      | Reached XP level 7. HP: 34/50 MP: 1/13
  3405 | D:5      | Gained mutation: You are immune to the effects of steam.
                  | [Pale Draconian growth]
  3561 | D:5      | Reached skill level 4 in Conjurations
  3678 | D:5      | Reached skill level 5 in Spellcasting
  3904 | D:5      | Reached skill level 6 in Poison Magic
  4842 | D:6      | Reached XP level 8. HP: 38/57 MP: 8/16
  4908 | D:6      | Reached skill level 5 in Conjurations
  4924 | D:6      | Found a staircase to the Ecumenical Temple.
  4949 | Temple   | Entered the Ecumenical Temple
  4999 | Temple   | Became a worshipper of Vehumet
  5029 | D:6      | Reached skill level 6 in Spellcasting
  5076 | D:6      | Reached skill level 7 in Poison Magic
  5754 | D:6      | Reached skill level 6 in Conjurations
  5775 | D:6      | Reached XP level 9. HP: 50/62 MP: 5/19
  5914 | D:6      | Reached skill level 7 in Spellcasting
  5914 | D:6      | Reached skill level 8 in Poison Magic
  6209 | D:4      | Bought a potion of cancellation for 88 gold pieces
  6271 | D:7      | Learned a level 2 spell: Static Discharge
  6299 | D:7      | Reached skill level 7 in Conjurations
  6333 | D:7      | Reached skill level 1 in Air Magic
  6470 | D:7      | Noticed a troll
  6488 | D:7      | Killed a troll
  6489 | D:7      | Reached skill level 2 in Air Magic
  6702 | D:7      | Reached * piety under Vehumet
  6702 | D:7      | Offered knowledge of Shock by Vehumet.
  6703 | D:7      | Reached skill level 3 in Air Magic
  7044 | D:7      | Identified the +1 pair of gloves "Isext" {Fly rPois Dex+2}
  7424 | D:8      | Noticed a death yak
  7424 | D:8      | Noticed a death yak
  7459 | D:8      | Reached skill level 4 in Air Magic
  7508 | D:8      | Noticed a two-headed ogre
  7735 | D:8      | Reached XP level 10. HP: 69/69 MP: 10/21
  7796 | D:7      | Noticed a rust devil
  7796 | D:7      | Noticed a rust devil
  7796 | D:7      | Noticed Joseph
  7803 | D:8      | Reached skill level 5 in Air Magic
  7978 | D:8      | Killed a two-headed ogre
  7979 | D:8      | Reached skill level 9 in Poison Magic
  8086 | D:9      | Noticed a boulder beetle
  8100 | D:9      | Killed a boulder beetle
  8101 | D:9      | Reached skill level 8 in Spellcasting
  8101 | D:9      | Reached skill level 8 in Conjurations
  8101 | D:9      | Reached skill level 6 in Air Magic
  8323 | D:9      | Found a glowing silver altar of Zin.
  8349 | D:9      | Found a broken altar of Ashenzari.
  8369 | D:9      | Noticed Maurice
  8396 | D:9      | Killed Maurice
  8413 | D:9      | Found an iron altar of Okawaru.
  8535 | D:9      | Noticed Harold
  8622 | D:9      | Reached ** piety under Vehumet
  8622 | D:9      | Offered knowledge of Foxfire by Vehumet.
  8624 | D:9      | Reached skill level 7 in Air Magic
  8745 | D:9      | Reached skill level 1 in Evocations
  8774 | D:9      | Found a hazy altar of Hepliaklqana.
  8775 | D:9      | Found a shimmering altar of Xom.
  8775 | D:9      | Noticed a two-headed ogre
  8825 | D:9      | Killed Harold
  8992 | D:9      | Found a shadowy altar of Dithmenos.
  9108 | D:10     | Entered Level 10 of the Dungeon
  9179 | D:10     | Reached skill level 2 in Evocations
  9179 | D:10     | Reached XP level 11. HP: 67/74 MP: 17/23
  9244 | D:10     | Noticed Grum
  9253 | D:10     | Killed Grum
  9364 | D:10     | Learned a level 5 spell: Arcjolt
  9543 | D:10     | Reached skill level 8 in Air Magic
  9763 | D:10     | Found an ancient bone altar of Kikubaaqudgha.
  9765 | D:10     | Found a blossoming altar of Fedhas.
  9804 | D:10     | Noticed a two-headed ogre
  9809 | D:10     | Killed a two-headed ogre
  9810 | D:10     | Reached skill level 1 in Shields
  9810 | D:10     | Reached skill level 3 in Evocations
 10075 | D:10     | Found the +4 robe of Augmentation {Str+4 Int+4 Dex+4}
 10153 | D:10     | Noticed Josephine
 10172 | D:10     | Killed Josephine
 10173 | D:10     | Reached skill level 9 in Conjurations
 10173 | D:10     | Offered knowledge of Frozen Ramparts by Vehumet.
 10482 | D:11     | Found Poritor's Antique Weapon Emporium.
 10530 | D:11     | Found Wop Udu's Antique Armour Boutique.
 10549 | D:11     | Found Vommearo's Magic Scroll Emporium.
 10558 | D:11     | Bought a scroll of fear for 52 gold pieces
 10558 | D:11     | Bought a scroll of blinking for 97 gold pieces
 10570 | D:11     | Reached skill level 2 in Shields
 10714 | D:11     | Learned a level 2 spell: Blink
 10772 | D:11     | Noticed Sonja
 10784 | D:11     | Killed Sonja
 10785 | D:11     | Reached skill level 9 in Air Magic
 10785 | D:11     | Reached skill level 10 in Poison Magic
 10787 | D:11     | Noticed a boulder beetle
 10797 | D:11     | Reached *** piety under Vehumet
 10798 | D:11     | Reached skill level 9 in Spellcasting
 10799 | D:11     | Killed a boulder beetle
 10800 | D:11     | Reached skill level 1 in Translocations
 10800 | D:11     | Reached skill level 4 in Evocations
 10953 | D:11     | Noticed Psyche
 10956 | D:11     | Killed Psyche
 10994 | D:11     | Reached skill level 3 in Shields
 11044 | D:11     | Reached skill level 2 in Translocations
 11075 | D:11     | Found a staircase to the Orcish Mines.
 11185 | D:11     | Found Gofoy's Weapon Emporium.
 11200 | D:11     | Reached skill level 1 in Fighting
 11207 | D:11     | Reached XP level 12. HP: 82/83 MP: 16/25
 11292 | Orc:1    | Entered Level 1 of the Orcish Mines
 11292 | Orc:1    | Noticed an orc high priest
 11294 | Orc:1    | Offered knowledge of Airstrike by Vehumet.
 11295 | Orc:1    | Killed an orc high priest
 11301 | Orc:1    | Learned a level 4 spell: Airstrike
 11490 | Orc:1    | Reached skill level 10 in Air Magic
 11586 | Orc:1    | Reached **** piety under Vehumet
 11587 | Orc:1    | Reached skill level 2 in Fighting
 11635 | Orc:1    | Reached skill level 5 in Evocations
 11653 | Orc:1    | Offered knowledge of Kindle Blastsparks by Vehumet.
 11914 | Orc:2    | Entered Level 2 of the Orcish Mines
 11938 | Orc:2    | Reached skill level 3 in Translocations
 11950 | Orc:2    | Noticed Saint Roka
 12186 | Orc:2    | Reached skill level 4 in Shields
 12675 | Orc:2    | Found a staircase to the Elven Halls.
 12678 | Orc:2    | Paralysed by an orc sorcerer for 4 turns
 12684 | Orc:2    | Reached skill level 3 in Fighting
 12815 | Orc:2    | Found Behyc Higot's Antique Weapon Emporium.
 12825 | Orc:2    | Found Xoymy's Mayhem Merchandise.
 13093 | D:8      | Noticed a death yak
 13094 | D:8      | Noticed a death yak
 13118 | D:8      | Noticed a death yak
 13994 | D:8      | Found a burning altar of Makhleb.
 14243 | D:8      | Found a staircase to the Lair.
 14324 | D:8      | Killed a death yak
 14324 | D:8      | Killed a death yak
 14325 | D:8      | Reached skill level 10 in Conjurations
 14326 | D:8      | Killed a death yak
 14333 | D:8      | Killed a death yak
 14333 | D:8      | Noticed Erica
 14334 | D:8      | Reached skill level 11 in Air Magic
 14528 | D:8      | Noticed Amaemon
 14534 | D:8      | Reached skill level 4 in Translocations
 14536 | D:8      | Killed Amaemon
 14567 | D:8      | Reached skill level 6 in Evocations
 14581 | D:8      | Learned a level 5 spell: Plasma Beam
 14597 | D:8      | Paralysed by a kobold brigand for 2 turns
 14606 | D:8      | Paralysed by a hornet for 1 turns
 15025 | D:8      | Killed a death yak
 15026 | D:8      | Reached XP level 13. HP: 96/96 MP: 8/26
 15240 | D:8      | Found a burning altar of Makhleb.
 15501 | D:8      | Killed Erica
 15502 | D:8      | Reached skill level 4 in Fighting
 15502 | D:8      | Reached skill level 5 in Shields
 15763 | Lair:1   | Entered Level 1 of the Lair of Beasts
 16348 | Lair:1   | Reached skill level 10 in Spellcasting
 16412 | Lair:1   | Reached ***** piety under Vehumet
 16480 | Lair:1   | Offered knowledge of Yara's Violent Unravelling by Vehumet.
 17275 | Lair:2   | Reached skill level 5 in Translocations
 17275 | Lair:2   | Reached skill level 12 in Air Magic
 17481 | Lair:2   | Found a staircase to the Shoals.
 17534 | Lair:2   | Reached skill level 5 in Fighting
 18112 | Lair:3   | Reached skill level 7 in Evocations
 18383 | Lair:3   | Reached skill level 6 in Shields
 18960 | Lair:3   | Found a staircase to the Snake Pit.
 19401 | Lair:4   | Reached skill level 6 in Fighting
 19408 | Lair:4   | Reached skill level 11 in Conjurations
 19425 | Lair:3   | Reached XP level 14. HP: 110/110 MP: 4/28
 19742 | Lair:4   | Reached skill level 13 in Air Magic
 20255 | Lair:4   | Reached skill level 8 in Evocations
 20366 | Lair:4   | Offered knowledge of Iron Shot by Vehumet.
 20596 | Lair:4   | Reached skill level 7 in Shields
 21382 | Lair:5   | Entered Level 5 of the Lair of Beasts
 21391 | Lair:4   | Reached skill level 7 in Fighting
 21810 | Lair:5   | Reached skill level 11 in Spellcasting
 21957 | Lair:5   | Reached skill level 14 in Air Magic
 21993 | Lair:5   | Offered knowledge of Irradiate by Vehumet.
 22067 | Lair:5   | Learned a level 5 spell: Irradiate
 22747 | Lair:5   | Reached skill level 2 in Transmutations
 23158 | Lair:5   | Reached XP level 15. HP: 108/121 MP: 13/30
 23303 | Lair:5   | Reached skill level 9 in Evocations
 23618 | Lair:5   | Identified the +8 dagger of the Moon {spect, +Blink rElec
                  | rF+ rC+ Will+}
 23637 | Lair:5   | Upgraded the game from 0.30-a0-953-g5f1da4a474 to
                  | 0.30-a0-956-gcec3b41aec
 23704 | Lair:5   | Reached skill level 8 in Fighting
 24330 | Lair:5   | Found a viscous altar of Jiyva.
 24330 | Lair:5   | Found a staircase to the Slime Pits.
 24630 | D:12     | Reached skill level 8 in Shields
 25111 | D:12     | Reached skill level 3 in Transmutations
 25691 | D:13     | Offered knowledge of Spellforged Servitor by Vehumet.
 25839 | D:13     | Reached skill level 12 in Conjurations
 26531 | D:13     | You are sucked into a shaft and drop 2 floors!
 26531 | D:15     | Entered Level 15 of the Dungeon
 26997 | D:14     | Reached skill level 15 in Air Magic
 27008 | D:14     | Found a gate to the Vaults.
 27449 | D:14     | Reached skill level 4 in Transmutations
 28345 | D:15     | Paralysed by an ogre mage for 3 turns
 28790 | D:15     | Reached skill level 9 in Fighting
 29232 | D:15     | Found a staircase to the Depths.
 29260 | D:15     | Found a blossoming altar of Fedhas.
 29280 | D:15     | Reached skill level 10 in Evocations
 29280 | D:15     | Reached XP level 16. HP: 124/132 MP: 24/31
 29643 | D:15     | Learned a level 8 spell: Maxwell's Capacitive Coupling
 29835 | Orc:2    | Killed Saint Roka
 29836 | Orc:2    | Reached skill level 9 in Shields
 29838 | Orc:2    | Offered knowledge of Orb of Destruction by Vehumet.
 30066 | Orc:2    | Reached skill level 5 in Transmutations
 30240 | Orc:2    | Found an ancient bone altar of Kikubaaqudgha.
 30389 | Orc:2    | Found Xuwke's Jewellery Shop.
 30488 | Orc:2    | Noticed Erolcha
 30507 | Orc:2    | Killed Erolcha
 30629 | Orc:2    | Found a radiant altar of Vehumet.
 30636 | Orc:2    | Found Ykleptei's Jewellery Shop.
 30654 | Orc:2    | Found Ruprocax's Magic Scroll Shop.
 30663 | Orc:2    | Found Cyrcha Coygh's Antique Armour Boutique.
 30686 | Orc:2    | Bought a scroll of teleportation for 30 gold pieces
 30686 | Orc:2    | Bought a scroll of blinking for 75 gold pieces
 30686 | Orc:2    | Bought a scroll of teleportation for 30 gold pieces
 30914 | Shoals:1 | Entered Level 1 of the Shoals
 30942 | Shoals:1 | Reached skill level 16 in Air Magic
 31116 | Shoals:1 | Reached skill level 12 in Spellcasting
 31346 | Shoals:1 | Identified Roxanne's Spellbook of Vicissitude
 31346 | Shoals:1 | Noticed Roxanne
 31351 | Shoals:1 | Killed Roxanne
 31644 | Shoals:1 | Reached skill level 1 in Fire Magic
 32194 | Shoals:2 | Noticed Kirke
 32389 | Shoals:2 | Noticed a kraken
 32452 | Shoals:2 | Killed a kraken
 32556 | Shoals:2 | Killed Kirke
 32581 | Shoals:2 | Reached skill level 2 in Fire Magic
 32731 | Shoals:2 | Reached skill level 6 in Transmutations
 33150 | Shoals:2 | Reached skill level 10 in Fighting
 33220 | Shoals:2 | Offered knowledge of Freezing Cloud by Vehumet.
 33581 | Shoals:3 | Reached skill level 13 in Conjurations
 33590 | Shoals:3 | Slain by a water elemental

Illustrated notes

Levels and vault maps discovered:
D:1:      lightli_arrival_statuegarden, layout_loops_corners,
          shapermc_ecumenical_altar_flowoftime
D:2:      layout_basic, uniq_terence
D:3:      gammafunk_steamed_eel, layout_basic, amcnicky_altar_gilded,
          serial_forest, infiniplex_forest_clump_small,
          infiniplex_forest_lined_room_, infiniplex_forest_fountain,
          infiniplex_forest_lined_1, infiniplex_forest_clump_double,
          infiniplex_forest_lined_3, grunt_ministairs_7
D:4:      layout_cave_pools, serial_shops, shop, serial_column_ruins,
          column_ruins_open_tiny, column_ruins_open_small,
          column_ruins_corridor_dead_end, column_ruins_corridor_straight
D:5:      layout_layer_cave
D:6:      layout_layer_cave, minmay_temple_entry_grid
D:7:      cheibrodos_iron_armory, layout_basic, uniq_joseph
D:8:      layout_basic, nicolae_overflow_crystal_walls, dpeg_lair_monsters,
          kennysheep_kite_vault, uniq_erica, uniq_amaemon
D:9:      layout_gridville, regret_index_temple_of_mockery,
          nicolae_overflow_quartered_altars, uniq_maurice, uniq_harold
D:10:     layout_grid_maze, grunt_temple_overflow_growth_and_decay,
          kennysheep_generic_room_16, uniq_grum, uniq_josephine
D:11:     layout_basic, david_orc_2, serial_shops, shop_statue,
          nicolae_shop_trees, shop, shop, uniq_psyche, uniq_sonja
D:12:     layout_loops_corners
D:13:     layout_loops_corners
D:14:     layout_basic, grunt_vaults_entry_fortified,
          hangedman_abyss_or_decor_slice, lemuel_flamethrower_1
D:15:     grunt_enter_depths_magical_seal, layout_small_grid, fedhas_altar_2,
          kennysheep_crisscross
Temple:   nicolae_temple_bog_church
Lair:1:   layout_gridlike, infiniplex_staircase_pool_2, lemuel_fruit_tree
Lair:2:   layout_hall_layers, shoals_dummy_entry, serial_bayou_shore_a
Lair:3:   onia_ninara_swampy_vault, layout_hall_layers,
          nicolae_snake_entry_squirm, beast_lair_carwin_4
Lair:4:   lemuel_reptile_caves, layout_hall_layers
Lair:5:   minmay_lair_end_frog_pond, layout_cave_pods, dpeg_slime_entry_corner
Shoals:1: layout_shoals, nicolae_shoals_lost_giant_baths, uniq_roxanne
Shoals:2: layout_shoals, uniq_kirke
Shoals:3: cheibrodos_shoals_gigantism, layout_shoals,
          nicolae_shoals_lost_giant_pillars, argonaut_gorgonesque
Orc:1:    layout_caves
Orc:2:    kennysheep_orc_mage_school, layout_caves, serial_shops, shop,
          basic_altar, minmay_shop_mayhem, uniq_saint_roka

Skill      XL: |  1  2  3  4  5  6  7  8  9 10 11 12 13 14 15 16 |
---------------+-------------------------------------------------+-----
Spellcasting   | 3 4 5 6 7 8 9 10 11 12 | 12.3
Conjurations   | 1 2 3 4 6 7 8 9 10 11 12 13 | 13.0
Poison Magic   | 4 5 6 7 8 9 10 | 10.0
Air Magic      | 4 7 9 11 12 14 15 16 | 16.6
Evocations     | 2 4 6 7 8 10 | 10.0
Shields        | 3 4 6 7 8 9 |  9.7
Translocations | 2 4 5 |  5.0
Fighting       | 1 3 6 7 9 10 | 10.0
Transmutations | 2 4 6 |  6.0
Fire Magic     | 2 |  2.8
Dodging        | |  1.7
Stealth        | |  1.7

Action                     |  1- 3 |  4- 6 |  7- 9 | 10-12 | 13-15 | 16-18 || total
---------------------------+-------+-------+-------+-------+-------+-------++-------
  Melee: Hand axe          |    82 |     8 |       |       |       |       ||    90
         Tailslap          |     6 |     9 |    10 |    24 |    66 |    11 ||   126
         Unarmed           |     1 |       |     7 |       |       |       ||     8
         Dagger            |       |    64 |    55 |    55 |       |       ||   174
         Punch             |       |     1 |       |       |     2 |       ||     3
         Staff             |       |       |       |   112 |   363 |    54 ||   529
   Fire: Longbow           |       |    11 |     7 |       |       |       ||    18
   Cast: Sting             |    13 |    49 |    40 |       |       |       ||   102
         Mephitic Cloud    |     1 |     1 |       |     2 |       |       ||     4
         Olgreb's Toxic Ra |       |     2 |    35 |   111 |   162 |    33 ||   343
         Static Discharge  |       |       |     6 |    40 |     4 |       ||    50
         Arcjolt           |       |       |       |    23 |    82 |    30 ||   135
         Airstrike         |       |       |       |    26 |   221 |    75 ||   322
         Blink             |       |       |       |     4 |     3 |       ||     7
         Plasma Beam       |       |       |       |       |    50 |    11 ||    61
         Maxwell's Capacit |       |       |       |       |       |    17 ||    17
Ability: Breathe Steam     |       |       |    21 |    28 |    11 |     4 ||    64
  Evoke: Wand              |       |       |     1 |     3 |     3 |       ||     7
    Use: Potion            |       |       |     1 |     3 |       |     2 ||     6
         Scroll            |       |       |     8 |    11 |     5 |     2 ||    26
   Stab: Sleeping          |     2 |       |       |     2 |     1 |       ||     5
         Confused          |     1 |       |       |       |       |       ||     1
         Distracted        |       |       |       |     1 |     1 |       ||     2
         Paralysed         |       |       |       |       |     4 |       ||     4
 Armour: Skin              |    26 |    31 |    47 |    92 |   207 |    69 ||   472
  Dodge: Dodged            |    42 |    55 |    75 |   148 |   341 |    79 ||   740
  Block: Kite shield       |       |       |       |       |    74 |     3 ||    77

Table legend: (Time is in decaauts)
 A = Elapsed time spent in this place.
 B = Non-inter-level travel time spent in this place.
 C = Inter-level travel time spent in this place.
 D = Time resting spent in this place.
 E = Time spent auto-exploring this place.
 F = Levels seen in this place.
 G = Mean time per level.
                   A        B        C        D        E       F      G
               +--------+--------+--------+--------+--------+-----+--------+
         Total |  33782 |  32159 |   1623 |   8555 |  16340 |  26 | 1299.3 |
       Dungeon |  19561 |  18413 |   1148 |   3543 |  11203 |  15 | 1304.1 |
        Temple |     73 |     56 |     17 |      0 |     43 |   1 |   73.0 |
          Lair |   8753 |   8438 |    315 |   2888 |   3311 |   5 | 1750.6 |
        Shoals |   2677 |   2615 |     62 |   1001 |    995 |   3 |  892.3 |
  Orcish Mines |   2716 |   2637 |     79 |   1123 |    788 |   2 | 1358.0 |
               +--------+--------+--------+--------+--------+-----+--------+

Top non-repeatable levels by time:
  Lair:5: 2891 daAuts
     D:8: 2710 daAuts
    D:14: 1948 daAuts
     D:7: 1934 daAuts
  Lair:4: 1921 daAuts
  Lair:3: 1721 daAuts
   Orc:2: 1533 daAuts
     D:5: 1372 daAuts
    D:10: 1365 daAuts
Shoals:1: 1358 daAuts
Shoals:2: 1307 daAuts
     D:3: 1292 daAuts
     D:6: 1272 daAuts
  Lair:1: 1204 daAuts
   Orc:1: 1183 daAuts
